 Dungeon Crawl Stone Soup version 0.27-a0-412-g8dd771eca2 (webtiles) character file.

Game seed: 7464741466385351548

315 dickylongcocking the Covert (level 6, -1/28 HPs)
             Began as a Felid Monk on Feb 23, 2021.
             Slain by a gnoll
             ... wielding a +0 flail
              (13 damage)
             ... on level 6 of the Dungeon.
             The game lasted 00:06:28 (8968 turns).

dickylongcocking the Covert (Felid Monk)            Turns: 8968, Time: 00:06:28

Health: -1/28      AC:  2    Str:  7    XL:     6   Next: 20%
Magic:  7/7        EV: 22    Int: 14    God:
Gold:   243        SH:  0    Dex: 18    Spells: 5/5 levels left
                                        Lives:  0   Deaths: 2

rFire    + . .     SeeInvis +     - Unarmed
rCold    . . .     Faith    .   (shield unavailable)
rNeg     . . .     Spirit   .   (armour unavailable)
rPois    +         Reflect  .   (helmet unavailable)
rElec    .         Harm     .   (cloak unavailable)
rCorr    .         Rampage  .   (gloves unavailable)
Will     +....     Rnd*Rage +   (boots unavailable)
Stlth    ++++......             (no amulet)
HPRegen  0.09/turn              c - ring of poison resistance
MPRegen  0.10/turn              d - ring of protection from fire

@: quick
A: very small, no armour, no weapons or thrown items, stealth, claws 1, fangs 3,
see invisible, berserk 1, speed 1, high mp 1, strong-willed 1, poison
resistance, shaggy fur 2, sharp paws
a: no special abilities


You were on level 6 of the Dungeon.
You visited 1 branch of the dungeon, and saw 6 of its levels.

You collected 243 gold pieces.

Inventory:

Jewellery
 b - a +6 ring of intelligence
 c - a ring of poison resistance (left paw)
 d - a ring of protection from fire (right paw)
 k - a ring of protection from cold
 p - a ring of magical power
Scrolls
 j - a scroll of enchant weapon
 l - a scroll of random uselessness
 m - a scroll of noise


   Skills:
 + Level 4.1 Fighting
 + Level 6.2 Dodging
 * Level 8.0 Stealth
 * Level 6.4 Unarmed Combat


You had 5 spell levels left.
You didn't know any spells.
Your spell library was empty.

Dungeon Overview and Level Annotations

Branches:
Dungeon (6/15)
 Temple: D:4-7

Altars:
Fedhas
Kikubaaqudgha
Okawaru
Trog

Shops:
D:5 :

Annotations:
D:3 Crazy Yiuf
D:5 Grinder


Innate Abilities, Weirdness & Mutations

You cannot wear armour.
You are incapable of wielding weapons or throwing items.
Your paws allow you to move quietly. (Stealth)
You have sharp claws.
You have razor-sharp teeth.
You have supernaturally acute eyesight. (SInv)
You cover ground quickly.
You are covered in thick fur. (AC +2)
Your sharp claws are effective at attacking unaware monsters.
You tend to lose your temper in combat.
You have an increased reservoir of magic. (+10% MP)
You are strong-willed. (Will+)
Your system is resistant to poisons. (rPois)


Message History

Unknown command.
Found a stone staircase leading down.
Unknown command.
You now have 215 gold pieces (gained 15).
You now have 232 gold pieces (gained 17).
You now have 243 gold pieces (gained 11).
A gnoll comes into view. It is wielding a +0 spear.
The gnoll shouts!
You hear a shout! x2
A gnoll comes into view. It is wielding a +0 spear.
Found 25 stones.
There are monsters nearby!
An ice beast and 2 gnolls come into view.
The gnoll throws a throwing net.
The throwing net completely misses you.
The gnoll moves out of view.
The ice beast moves out of view.
Found a club.
A gnoll sergeant comes into view. It is wielding a +2 spear of venom.
A gnoll comes into view. It is wielding a +0 flail.
The gnoll shouts! x2
Found a brown potion.
Unknown command.
The gnoll barely misses you.
You open the large door.
The gnoll hits you from afar with a +0 spear.
The gnoll misses you.
Found a bloodstained altar of Trog and an ancient bone altar of Kikubaaqudgha.
The gnoll hits you from afar with a +0 spear.
There is a large open door here.
You close the large door.
A gnoll opens the large door.
The gnoll misses you.
Okay, then.
You aren't carrying any potions.
Unknown command.
The gnoll closely misses you.
There is a large open door here.
The gnoll closely misses you. The gnoll hits you with a +0 spear.
You scratch the gnoll. You bite the gnoll.
The gnoll is heavily wounded.
The gnoll completely misses you. The gnoll closely misses you.
The gnoll hits you but does no damage. The gnoll completely misses you.
The gnoll hits you with a +0 flail!
You die...

#############
#...........#######
#(.................
#########............######
.........#####>......#
..........##########.#
.......Y.ggg._⌠# #.#
!........g@'._⌠# #.#
.......(.g##P### #.#
######...##### #.# .......
.# ..).... ........ ....#
....


You could see an ice beast and 5 gnolls.

Vanquished Creatures
  Sigmund (D:5)
  A sky beast (D:4)
  A necrophage (D:5)
  Blork the orc (D:4)
  A bullfrog (D:4)
  An orc priest (D:4)
  2 hounds
  An iguana (D:5)
  An orc wizard (D:5)
  4 worker ants
  A howler monkey zombie (D:5)
  7 adders
  4 gnolls (D:3)
  An ufetubus (D:5)
  An ooze (D:2)
  4 worms
  2 dart slugs (D:3)
  6 leopard geckos
  3 orcs
  11 bats
  5 giant cockroaches
  4 goblins
  11 hobgoblins
  4 jackals
  A quokka (D:4)
  2 ball pythons
  6 frilled lizards
  9 kobolds
  A leopard gecko skeleton (D:5)
  A leopard gecko zombie (D:5)
  5 rats
103 creatures vanquished.

Vanquished Creatures (others)
  An orc wizard (D:5)
1 creature vanquished.

Grand Total: 104 creatures vanquished

Notes
Turn   | Place    | Note
-------+----------+-------------------------------------------
     0 | D:1      | dickylongcocking the Felid Monk began the quest for the
                  | Orb.
     0 | D:1      | Reached XP level 1. HP: 10/10 MP: 2/2
    96 | D:1      | You fall into a shaft and drop 1 floor!
   221 | D:2      | Reached skill level 3 in Stealth
   221 | D:2      | Reached XP level 2. HP: 9/14 MP: 3/3
   704 | D:2      | Reached XP level 3. HP: 17/17 MP: 4/4
  2521 | D:2      | Reached XP level 4. HP: 10/21 MP: 5/5
  2682 | D:2      | Found a blossoming altar of Fedhas.
  2943 | D:3      | Found an iron altar of Okawaru.
  3241 | D:3      | Reached skill level 4 in Stealth
  4595 | D:3      | Reached XP level 5. HP: 17/25 MP: 6/6
  5167 | D:3      | Found a runed translucent door.
  5168 | D:3      | Noticed Crazy Yiuf
  6079 | D:4      | Reached skill level 5 in Dodging
  6157 | D:4      | Noticed Blork the orc
  6171 | D:4      | Killed Blork the orc
  6172 | D:4      | Reached skill level 5 in Stealth
  6287 | D:4      | Noticed an ice beast
  6637 | D:4      | Reached skill level 5 in Unarmed Combat
  6637 | D:4      | Gained mutation: You are covered in thick fur. (AC +2)
                  | [Felid growth]
  6637 | D:4      | Reached XP level 6. HP: 19/28 MP: 7/7
  7114 | D:5      | Entered Level 5 of the Dungeon
  7133 | D:5      | Noticed a sky beast
  7172 | D:5      | Reached skill level 6 in Stealth
  7197 | D:4      | Reached XP level 7. HP: 9/31 MP: 8/8
  7783 | D:5      | Noticed Sigmund
  7819 | D:5      | Killed Sigmund
  7820 | D:5      | Reached skill level 7 in Stealth
  7874 | D:5      | Found Relenapn's Book Shoppe.
  7908 | D:5      | Gained mutation: You tend to lose your temper in combat.
                  | [potion of mutation]
  7908 | D:5      | Gained mutation: You are strong-willed. (Will+) [potion of
                  | mutation]
  7908 | D:5      | Gained mutation: Your system is resistant to poisons.
                  | (rPois) [potion of mutation]
  7908 | D:5      | Gained mutation: You have an increased reservoir of magic.
                  | (+10% MP) [potion of mutation]
  7910 | D:5      | Killed from afar by an orc priest
  7911 | D:5      | Reached XP level 6. HP: -3/28 MP: 7/7
  8009 | D:4      | Killed a sky beast
  8263 | D:5      | Reached XP level 7. HP: 17/32 MP: 8/8
  8270 | D:4      | HP: 1/32 [poisoned by an orc wizard]
  8273 | D:4      | Succumbed to an orc wizard's poison
  8274 | D:4      | Reached XP level 6. HP: 0/28 MP: 7/7
  8570 | D:4      | Reached skill level 8 in Stealth
  8884 | D:5      | Noticed Grinder
  8957 | D:6      | Noticed an ice beast
  8962 | D:6      | Found a bloodstained altar of Trog.
  8962 | D:6      | Found an ancient bone altar of Kikubaaqudgha.
  8968 | D:6      | Slain by a gnoll

Illustrated notes

Levels and vault maps discovered:
D:1:      dpeg_arrival_chambers_temple_mockup, layout_basic, lemuel_old_faithful
D:2:      layout_loops_ring, fedhas_altar_4
D:3:      layout_basic, minmay_statues_item, okawaru_gym_becter,
          uniq_crazy_yiuf_cottage
D:4:      layout_gridville, corexii_leaking_fountain, uniq_blork_the_orc
D:5:      cheibrodos_quashed, layout_cave_pools, serial_shops,
          nicolae_shop_competitors_out_of_business, corexii_shack, st_stairs_14,
          uniq_menkaure, uniq_grinder, uniq_sigmund
D:6:      layout_basic, gammafunk_temple_overflow_wave, enter_ossuary_4

Skill      XL: |  1  2  3  4  5  6  7 |
---------------+----------------------+-----
Stealth        | 3 4 5 8 7 |  8.0
Unarmed Combat | 4 5 6 |  6.4
Dodging        | 5 6 |  6.2
Fighting       | 4 |  4.1

Action                   |  1- 3 |  4- 6 |  7- 9 || total
-------------------------+-------+-------+-------++-------
Melee: Unarmed           |    91 |   241 |    28 ||   360
       Bite              |    12 |    28 |     7 ||    47
       Punch             |     2 |     6 |     1 ||     9
  Use: Scroll            |       |     9 |       ||     9
       Potion            |       |     4 |     3 ||     7
 Stab: Sleeping          |    15 |    11 |     4 ||    30
       Invisible         |       |     5 |       ||     5
Armor: Skin              |     5 |    15 |     4 ||    24
Dodge: Dodged            |    58 |   267 |    29 ||   354

Table legend: (Time is in decaauts)
 A = Elapsed time spent in this place.
 B = Non-inter-level travel time spent in this place.
 C = Inter-level travel time spent in this place.
 D = Time resting spent in this place.
 E = Time spent auto-exploring this place.
 F = Levels seen in this place.
 G = Mean time per level.
                   A        B        C        D        E       F      G
               +--------+--------+--------+--------+--------+-----+--------+
         Total |   8277 |   8087 |    190 |   3846 |   3155 |   6 | 1379.5 |
       Dungeon |   8277 |   8087 |    190 |   3846 |   3155 |   6 | 1379.5 |
               +--------+--------+--------+--------+--------+-----+--------+

Top non-repeatable levels by time:
     D:4: 2483 daAuts
     D:2: 2279 daAuts
     D:3: 2256 daAuts
     D:1: 903 daAuts
     D:5: 324 daAuts
     D:6: 30 daAuts
